Map: Inside and Out

Players

Вlizzаrdеd

  • Race: Terran Terran
  • League: Bronze
  • Spawn Location: 1:00

Exterminator - Winner!

  • Race: Protoss Protoss
  • League: Silver
  • Spawn Location: 7:00

VOD

Have the link to the VOD?

Description

Time

  • Played on: Oct. 30, 2022, 10:29 p.m.
  • Length: 11:46
Show
View Real Time Build Order
Export as new Build Order

Вlizzаrdеd Terran 

Build Orders:  

Get SALT Encoding   

  12  0:01  SCV  
  13  0:13  SCV  
  14  0:25  Supply Depot, SCV  
  15  0:47  SCV, Engineering Bay  
  16  0:53  Barracks  
  16  1:04  Refinery  
  16  1:20  SCV  
  17  1:27  Supply Depot  
  17  1:32  SCV  
  18  1:45  SCV  
  19  1:52  Supply Depot  
  19  1:55  Refinery  
  19  1:57  SCV  
  20  2:06  Barracks Tech Lab  
  20  2:09  SCV  
  21  2:22  SCV  
  22  2:29  Marauder  
  24  2:33  Factory  
  24  2:34  SCV  
  25  2:46  SCV  
  26  2:51  Supply Depot  
  26  2:53  Marauder  
  28  2:59  Terran Infantry Weapons Level 1  
  28  3:14  Marauder  
  30  3:21  Starport  
  30  3:36  Marauder  
  30  3:38  Widow Mine  
  34  3:50  Missile Turret  
  34  3:59  Medivac  
  36  4:04  Marauder  
  36  4:07  Concussive Shells  
  34  4:38  Marauder  
  30  4:53  Terran Infantry Armor Level 1  
  30  4:59  Marauder  
  34  5:42  Starport Tech Lab  
  32  5:48  Fusion Core  
  26  6:21  Banshee  
  26  6:24  Cloaking Field  
  29  6:36  Armory  
  29  6:38  Command Center  
  4  7:25  Missile Turret  
  4  7:39  Banshee  
  7  8:00  Barracks  
  7  8:08  Command Center  
  7  8:21  Banshee  
  10  9:04  Banshee  
  6  10:15  SCV  
  6  10:21  Hellion  
  9  10:42  Hellion  
  9  11:04  Hellion  
Show
View Real Time Build Order
Export as new Build Order

Exterminator Protoss - Winner!

Build Orders:  

Get SALT Encoding   

  12  0:01  Probe (Chrono Boost)  
  13  0:10  Probe (Chrono Boost)  
  14  0:15  Probe (Chrono Boost)  
  15  0:22  Pylon  
  15  0:33  Assimilator  
  15  0:41  Gateway  
  15  0:44  Probe  
  16  0:56  Probe  
  17  1:00  Assimilator  
  17  1:08  Probe (Chrono Boost)  
  19  1:19  Probe (Chrono Boost)  
  19  1:28  Cybernetics Core  
  19  1:34  Pylon  
  19  1:38  Probe  
  20  1:59  Nexus  
  20  2:10  Robotics Facility  
  20  2:13  Probe  
  21  2:23  Stalker  
  21  2:25  Probe  
  24  2:37  Probe (Chrono Boost)  
  25  2:47  Probe (Chrono Boost)  
  26  2:52  Pylon  
  26  2:56  Pylon  
  26  2:58  Observer  
  27  3:01  Assimilator  
  27  3:04  Assimilator  
  27  3:06  Stargate  
  27  3:11  Probe (Chrono Boost)  
  27  3:12  Probe (Chrono Boost)  
  29  3:23  Probe (Chrono Boost)  
  29  3:24  Probe (Chrono Boost)  
  31  3:28  Probe x2 (Chrono Boost)  
  31  3:30  Stalker  
  35  3:39  Probe x2  
  37  3:50  Gateway  
  37  3:52  Gateway  
  37  3:59  Gateway  
  37  4:04  Gateway  
  37  4:06  Probe  
  37  4:08  Probe  
  39  4:18  Probe  
  39  4:20  Probe  
  29  4:44  Probe  
  29  4:45  Probe  
  31  4:50  Pylon  
  31  4:56  Probe  
  31  4:57  Probe  
  33  5:01  Stalker x3  
  33  5:02  Stalker  
  39  5:14  Stalker  
  38  5:44  Probe (Chrono Boost)  
  38  5:45  Probe (Chrono Boost)  
  38  5:49  Oracle  
  43  5:54  Probe x2 (Chrono Boost)  
  45  5:57  Stalker x3  
  45  5:58  Stalker  
  53  6:33  Probe x2  
  53  6:37  Zealot x3  
  61  6:45  Probe  
  62  6:48  Probe  
  62  7:53  Pylon  
  62  7:57  Pylon  
  62  8:01  Observer  
  61  8:15  Probe  
  62  8:31  Pylon  
  61  8:49  Probe  
  62  8:58  Pylon  
  58  9:35  Pylon  
  58  9:38  Pylon  
  58  9:39  Pylon  
  58  9:53  Zealot x2  
  58  9:56  Zealot, Stalker x2, Probe  
  63  10:20  Stalker x2  
  67  10:23  Stalker  
  51  11:12  Probe x2  
Tags
 
Add a new tag
Caveats
  • Supply blocks, unpowered buildings, or Contaminate may cause inaccurate times.
  • Supply counts are checked every 10 seconds.